 Dungeon Crawl Stone Soup version 0.31.0-11-ge490571c62 (webtiles) character file.

Game seed: 13629802867273627

203 RancidPinata the Sneak (level 5, 0/37 HPs)
             Began as an Octopode Delver on Feb 9, 2024.
             Succumbed to a goblin's poison
             ... on level 3 of the Dungeon.
             The game lasted 00:09:03 (2885 turns).

RancidPinata the Sneak (Octopode Delver)            Turns: 2885, Time: 00:09:04

Health: 0/37       AC:  1    Str: 11    XL:     5   Next: 81%
Magic:  5/5        EV: 14    Int: 12    God:
Gold:   185        SH:  0    Dex: 16    Spells: 4/4 levels left

rFire   . . .        a - +0 short sword
rCold   . . .        (no shield)
rNeg    . . .        (helmet restricted)
rPois   .            (no amulet)
rElec   .            k - ring of willpower
rCorr   .            (no ring)
SInv    .            (no ring)
Will    +....        (no ring)
Stlth   +++++        (no ring)
HPRegen 0.26/turn    (no ring)
MPRegen 0.09/turn    (no ring)
                     (no ring)

%: no passive effects
@: lethally poisoned (0 -> 0)
A: almost no armour, amphibious, 8 rings, camouflage 1, gelatinous body 1,
(nimble swimmer 1), tentacles
a: no special abilities


You were on level 3 of the Dungeon.
You visited 1 branch of the dungeon, and saw 6 of its levels.

You collected 185 gold pieces.

Inventory:

Hand Weapons
 a - a +0 short sword (weapon)
 A - a +2 dagger of venom
Missiles
 h - 30 stones (quivered)
 i - 5 poisoned darts
 l - 6 boomerangs
 y - 3 javelins
Jewellery
 k - a ring of willpower (left tentacle)
 z - a ring of fire
Wands
 f - a wand of digging (3)
Scrolls
 b - 2 scrolls of fog
 c - a scroll of revelation
 d - a scroll of fear
 g - a scroll of amnesia {unknown}
 n - 5 scrolls of identify {unknown}
 q - a scroll of noise {unknown}
 t - a scroll of brand weapon {unknown}
 v - a scroll of immolation {unknown}
 w - a scroll of teleportation {unknown}
 x - 2 scrolls of enchant armour {unknown}
Potions
 e - a potion of haste
 j - 3 potions of invisibility {unknown}
 m - a potion of lignification {unknown}
 o - a potion of attraction {unknown}
 p - a potion of curing {unknown}
 r - 3 potions of enlightenment {unknown}
 s - a potion of berserk rage {unknown}
 u - a potion of cancellation {unknown}


   Skills:
 * Level 4.0 Fighting
 + Level 2.9 Short Blades
 * Level 3.5 Dodging
 * Level 7.9 Stealth


You had 4 spell levels left.
You didn't know any spells.
Your spell library was empty.

Dungeon Overview and Level Annotations

Branches:
Dungeon (6/15)
 Temple: D:4-7

Altars:
Okawaru

Annotations:
D:5 Duvessa
D:6 Menkaure


Innate Abilities, Weirdness & Mutations

You cannot wear most types of armour.
You are amphibious.
You can wear up to eight rings at the same time.
Your skin changes colour to match your surroundings (Stealth+).
Your rubbery body absorbs attacks. (AC +1, EV +1)
((You are camouflaged when in or above water. (Stealth+)))
You have tentacles for arms and can constrict up to eight enemies at once.


Message History

You kill the gnoll!
The goblin shouts!
You hit the goblin. You grab the goblin.
The goblin is moderately wounded.
You constrict the goblin. The goblin completely misses you.
You release your grip on the goblin.
The goblin hits you with a +2 dagger of venom.
You are poisoned.
You barely miss the goblin. Your grab misses the goblin.
The goblin is heavily wounded.
You feel very sick.
The goblin hits you with a +2 dagger of venom.
You are lethally poisoned!
You hit the goblin.
You kill the goblin!
You feel very sick.
You feel very sick.
Things that are here:
a +2 dagger of venom; a goblin corpse You feel very sick.
* * * LOW HITPOINT WARNING * * *
You feel very sick.
Things that are here:
a +2 dagger of venom; a goblin corpse
A - a +2 dagger of venom
* * * LOW HITPOINT WARNING * * *
You feel very sick.
* * * LOW HITPOINT WARNING * * *
You feel sick.
* * * LOW HITPOINT WARNING * * *
You feel sick.
* * * LOW HITPOINT WARNING * * *
You feel sick.
* * * LOW HITPOINT WARNING * * *
You feel sick.
* * * LOW HITPOINT WARNING * * *
You feel sick.
* * * LOW HITPOINT WARNING * * *
You feel sick.
You die...

#...####.####### ##.##
#.......# #.# #..####.#
######.## #..####.#######
#......)# #.............#
#.####..# ##.####.##
##.## ##..# ##.####.#
##...## #...#
#.......###.#.#.##
#...####).).@####.##.##.#
#.#........).# #.##.##<#
..###.######.....#
#.##.##.# .........#
#)....# ##.#.#.##
##.##.##.# ####### #....#
# ##.##.# ########...## #
#..##.# #..........#
##.#.###.# #.#####.#.##
...#.###.######.#####.#.#


There were no monsters in sight!

Vanquished Creatures
  2 hounds (D:5)
  3 adders
  5 gnolls (D:3)
  A ribbon worm (D:2)
  2 dart slugs
  5 ball pythons
  4 bats (D:1)
  3 endoplasms
  3 giant cockroaches (D:1)
  6 hobgoblins
  10 jackals
  2 quokkas
  3 frilled lizards
  6 goblins
  3 kobolds
  8 rats
66 creatures vanquished.

Notes
Turn   | Place    | Note
-------+----------+-------------------------------------------
     0 | D:5      | RancidPinata the Octopode Delver began the quest for the
                  | Orb.
     0 | D:5      | Reached XP level 1. HP: 16/16 MP: 1/1
    20 | D:6      | Noticed a black bear
    81 | D:6      | Noticed a scorpion
   104 | D:6      | Noticed Menkaure
   109 | D:6      | Noticed a black bear
   113 | D:6      | Noticed an orc wizard
   154 | D:5      | Noticed a water moccasin
   169 | D:5      | Noticed Duvessa
   176 | D:5      | Noticed a phantom
   243 | D:5      | Reached XP level 2. HP: 21/21 MP: 2/2
   281 | D:5      | Noticed an ogre
   327 | D:5      | Noticed a bombardier beetle
   346 | D:5      | Reached skill level 7 in Stealth
   346 | D:5      | Reached XP level 3. HP: 8/26 MP: 3/3
   448 | D:5      | Reached XP level 4. HP: 33/33 MP: 4/4
   473 | D:5      | Noticed a centaur
   656 | D:4      | Noticed a scorpion
  1305 | D:2      | Found an iron altar of Okawaru.
  1338 | D:2      | Reached XP level 5. HP: 37/37 MP: 5/5
  2884 | D:3      | HP: 1/37 [poisoned by a goblin]
  2885 | D:3      | Succumbed to a goblin's poison

Illustrated notes

Levels and vault maps discovered:
D:1:      sevenhm_arrival_forest_fort_large_4, layout_basic, moated_statue,
          nrook_loot_triangle, minmay_cupped
D:2:      layout_basic, basic_altar, amcnicky_mini_rare_corridor_liquid,
          minmay_misc_feat_roman, lightli_corner_chamber
D:3:      layout_loops_cross, shapermc_ecumenical_altar_petra, st_stairs_13
D:4:      layout_cave_pods, lemuel_crystal_altar, serial_shops,
          kennysheep_mini_moat, shop_statue, shop, ebering_dispersal_statue_hall
D:5:      layout_basic, minmay_increasing_density, uniq_duvessa
D:6:      layout_loops_cross, gammafunk_ghost_hive, serial_shops, shop,
          st_stairs_9, nicolae_nh_oracle_at_delphi, uniq_maggie, uniq_sigmund,
          uniq_menkaure

Skill      XL: |  1  2  3  4  5 |
---------------+----------------+-----
Stealth        | 7 |  7.9
Dodging        | 3 |  3.5
Fighting       | 4 |  4.0
Short Blades   | |  2.9

Action                     |  1- 3 |  4- 6 || total
---------------------------+-------+-------++-------
  Melee: Short sword       |    11 |   103 ||   114
         Constrict         |     1 |    30 ||    31
         Tentacles         |     1 |    21 ||    22
         Punch             |     1 |       ||     1
   Stab: Sleeping          |     3 |    21 ||    24
         Distracted        |       |     1 ||     1
 Armour: Skin              |     5 |    41 ||    46
  Dodge: Dodged            |     8 |    63 ||    71
